 Dungeon Crawl Stone Soup version 0.19.1 (webtiles) character file.

1536 M4edhros the Martial Artist (level 8, -9/45 (46) HPs)
             Began as an Octopode Chaos Knight on Dec 26, 2016.
             Mangled by an iguana (12 damage)
             ... while paralysed
             ... on level 7 of the Dungeon.
             The game lasted 00:13:02 (29476 turns).

M4edhros the Martial Artist (OpCK)                 Turns: 29476, Time: 00:13:02

HP:   -9/45 (46)    AC:  3    Str: 16      XL:     8   Next: 86%
MP:   8/8           EV:  2    Int: 14      God:    Xom [*.....]
Gold: 266           SH:  0    Dex: 14 (15) Spells: 0 memorised, 7 levels left

rFire  + . .     SeeInvis .       - Unarmed
rCold  . . .     Gourm    .     (no shield)
rNeg   . . .     Faith    .     (helmet restricted)
rPois  .         Spirit   .     (no amulet)
rElec  .         Reflect  .     (no ring)
rCorr  .         Harm     .     (no ring)
MR     +....     Clarity  +     (no ring)
Stlth  ++........               (no ring)
                                (no ring)
                                (no ring)
                                (no ring)
                                (no ring)

@: paralysed, fainting
A: almost no armour, stealthy swim, amphibious, 8 rings, constrict 8, beak,
tentacle spike 2, thin metallic scales 1, camouflage 1, agile 1, clarity, fire
resistance 1, frail 1, magic resistance 1, mutation resistance 1, strong 2, wild
magic 1, gelatinous body 1
a: Renounce Religion


You were on level 7 of the Dungeon.
You worshipped Xom.
You were a special plaything of Xom.
You were fainting.

You visited 2 branches of the dungeon, and saw 8 of its levels.

You collected 416 gold pieces.
You spent 150 gold pieces at shops.

Inventory:

Missiles
 j - 2 needles of confusion
Wands
 k - a wand of iceblast (10/15)
 o - a wand of slowing (23/48)
 p - a wand of flame (28/48)
 r - a wand of flame (44/48)
 s - a wand of lightning (6/15)
Scrolls
 b - 3 scrolls of teleportation
 c - a scroll of enchant weapon {unknown}
 e - 2 scrolls of blinking {unknown}
 i - a scroll of recharging {unknown}
 m - 3 scrolls of amnesia {unknown}
 n - 8 scrolls of identify {unknown}
 q - 2 scrolls of fear {unknown}
 t - 2 scrolls of enchant armour {unknown}
 v - a scroll of noise {unknown}
Potions
 f - 6 potions of curing
 l - 3 potions of heal wounds
 u - 2 potions of degeneration {unknown}
Books
 d - a book of Maledictions

   Spells                             Type                      Level
   a - Corona                         Hexes                        1
   b - Ensorcelled Hibernation        Hexes/Ice                    2
   c - Confuse                        Hexes                        3
   d - Tukima's Dance                 Hexes                        3
   e - Dazzling Spray                 Conjuration/Hexes            3
Comestibles
 a - a bread ration


   Skills:
 - Level 3.0 Fighting
 - Level 2.3 Dodging
 + Level 11.0 Unarmed Combat


You had 7 spell levels left.
You didn't know any spells.

Dungeon Overview and Level Annotations

Branches:
Dungeon (7/15)             Temple (1/1) D:5

Altars:
Ashenzari
Cheibriados
Dithmenos
Elyvilon
Gozag
Hepliaklqana
Kikubaaqudgha
Nemelex Xobeh
Okawaru
Qazlal
Sif Muna
Trog
Uskayaw
Vehumet
Xom
Yredelemnul

Shops:
D:4 *   D:7 ?


Innate Abilities, Weirdness & Mutations

You cannot wear most types of armour.
You are very stealthy in the water. (Stealth+)
You are amphibious.
You can wear up to eight rings at the same time.
You can use your tentacles to constrict eight enemies at once.
Your skin changes colour to match your surroundings (Stealth+).
Your rubbery body absorbs attacks. (AC +1, EV +1)
You have a beak for a mouth.
One of your tentacles bears a nasty spike.
You are partially covered in thin metallic scales. (AC +2)
You are agile. (Dex +2)
You possess an exceptional clarity of mind.
Your flesh is heat resistant. (rF+)
You are frail. (-10% HP)
You are resistant to hostile enchantments. (MR+)
You are somewhat resistant to further mutation.
Your muscles are very strong. (Str +4)
Your spells are a little harder to cast, but a little more powerful.


Message History

Your squeeze misses the iguana.
You lose consciousness!
Xom is amused.
The iguana bites you. The iguana bites you.
The iguana hisses menacingly.
The iguana bites you.
The water moccasin hisses angrily.
The iguana bites you!
The iguana bites you but does no damage.
The iguana bites you! The iguana bites you. x2
The iguana hisses menacingly.
The iguana bites you!
* * * LOW HITPOINT WARNING * * *
The iguana bites you.
* * * LOW HITPOINT WARNING * * *
The iguana bites you!
You die...
Xom giggles madly!

(>. .# #.# #.# .# #.#
..# .# #.# #.# .# #.##
#.# .# #.##
######.########.# #.##
#..(............# #...
###.####.##......## ####
#....Sl@.##.####.#######
#.#.####.##.# #........
#.##.# ######### .....#
..#### ###


You could see a water moccasin and an iguana.

Vanquished Creatures
  The ghost of M4edhros the Martial Artist, a novice OpCK of Xom (D:4)
  An ice beast (D:5)
  The ghost of timpakay the Changer, an amateur NaTm (D:3)
  2 ogres (D:4)
  2 centaurs
  A bullfrog (D:6)
  2 scorpions
  A howler monkey (D:4)
  2 hounds (D:4)
  A gnoll shaman (D:5)
  A bullfrog skeleton (D:5)
  An orc wizard (D:5)
  Natasha (thrice) (D:4)
  A worker ant (D:5)
  2 gnolls (D:5)
  2 adders
  An adder (shapeshifter) (D:3)
  2 adder skeletons (D:4)
  4 worms
  5 dart slugs
  5 leopard geckos
  21 orcs
  6 bats
  2 giant cockroaches
  14 goblins
  14 hobgoblins
  4 jackals (D:2)
  14 kobolds
  A quokka (D:2)
  2 ball pythons
  7 frilled lizards
  A leopard gecko skeleton (D:5)
  13 rats
140 creatures vanquished.

Vanquished Creatures (collateral kills)
  A gnoll (D:5)
1 creature vanquished.

Grand Total: 141 creatures vanquished

Notes
Turn   | Place    | Note
-------+----------+-------------------------------------------
     0 | D:1      | M4edhros the Octopode Chaos Knight began the quest for the Orb.
     0 | D:1      | Reached XP level 1. HP: 16/16 MP: 1/1
   309 | D:1      | XOM is BORED!
   309 | D:1      | XOM: harmless Ice miscast
   378 | D:1      | XOM: divination: magic mapping
  1076 | D:1      | XOM: mild Fire miscast
  1173 | D:1      | XOM is BORED!
  1272 | D:1      | XOM: potion effect (brilliance)
  1387 | D:1      | Reached XP level 2. HP: 17/21 MP: 2/2
  1560 | D:1      | XOM: draining
  1879 | D:1      | XOM: harmless Tloc miscast
  1930 | D:1      | XOM: 8-stop teleportation journey
  1956 | D:1      | Reached skill level 4 in Unarmed Combat
  2137 | D:1      | Reached XP level 3. HP: 26/26 MP: 3/3
  2497 | D:1      | XOM: 1-stop teleportation journey
  2952 | D:1      | XOM: give mutations
  2952 | D:1      | Gained mutation: You occasionally shout uncontrollably at your foes. [Xom's mischief]
  2952 | D:1      | Gained mutation: You are agile. (Dex +2) [Xom's mischief]
  2952 | D:1      | Gained mutation: Your muscles are strong. (Str +2) [Xom's mischief]
  2952 | D:1      | Gained mutation: You are dopey. (Int -2) [Xom's mischief]
  3360 | D:1      | XOM: give mutation
  3360 | D:1      | Gained mutation: You expend magic power (3 MP) to strengthen your wands. [Xom's mischief]
  3788 | D:1      | XOM: summons 1 hostile demon
  3856 | D:1      | XOM: summons 1 hostile demon
  3860 | D:1      | XOM: butterfly on damage
  4126 | D:1      | XOM: cast spell 'Ice Form'
  4417 | D:1      | XOM: scenery: create altars
  4450 | D:1      | XOM: scenery: create altars
  4952 | D:2      | XOM: scenery: 1 doors open
  5202 | D:2      | XOM: cloud trail
  5277 | D:2      | XOM: harmless Summ miscast
  5311 | D:2      | XOM: harmless Air miscast
  5418 | D:2      | XOM: god gift: 19 gold pieces
  5918 | D:2      | XOM: mild Hex miscast
  5930 | D:2      | Reached XP level 4. HP: 25/31 MP: 4/4
  6086 | D:2      | XOM: god gift: 2 needles of confusion
  6113 | D:2      | XOM: god gift: glass wand {god gift}
  6250 | D:2      | XOM is BORED!
  6849 | D:2      | XOM: scenery: create altars
  7063 | D:2      | XOM: god gift: 27 gold pieces
  7121 | D:2      | Reached skill level 5 in Unarmed Combat
  7301 | D:2      | XOM: scenery: create altars
  7314 | D:2      | XOM: 3-stop teleportation journey
  7320 | D:2      | XOM: give mutations
  7320 | D:2      | Gained mutation: You are resistant to hostile enchantments. (MR+) [Xom's grace]
  7320 | D:2      | Gained mutation: You are partially covered in thin metallic scales. (AC +2) [Xom's grace]
  7320 | D:2      | Gained mutation: You are somewhat resistant to further mutation. [Xom's grace]
  7320 | D:2      | Gained mutation: You have a beak for a mouth. [Xom's grace]
  7548 | D:2      | XOM: harmless Chrm miscast
  8460 | D:2      | XOM: give mutations
  8460 | D:2      | Gained mutation: You are covered in fur. (AC +1) [Xom's mischief]
  8460 | D:2      | Lost mutation: You are dopey. (Int -2) [Xom's mischief]
  8460 | D:2      | Lost mutation: You are covered in fur. (AC +1) [Xom's mischief]
  8723 | D:2      | XOM: mild Chrm miscast
  9283 | D:2      | XOM: harmless Erth miscast
 10264 | D:3      | XOM: noise
 10892 | D:3      | XOM: harmless Air miscast
 10894 | D:3      | XOM: polymorph orc -> frilled lizard
 10896 | D:3      | Reached XP level 5. HP: 36/36 MP: 5/5
 10917 | D:3      | XOM: harmless Divn miscast
 10933 | D:3      | Noticed a centaur
 10942 | D:3      | Killed a centaur
 10942 | D:3      | Reached skill level 6 in Unarmed Combat
 11004 | D:3      | XOM: scenery: create altars
 11186 | D:3      | Noticed timpakay's ghost (amateur NaTm)
 11187 | D:3      | XOM: enchant monster (good)
 11200 | D:3      | Killed timpakay's ghost
 11200 | D:3      | Reached XP level 6. HP: 35/42 MP: 6/6
 11497 | D:3      | XOM: god gift: potion of curing
 11832 | D:3      | XOM: scenery: 1 doors close
 12014 | D:3      | XOM: 4-stop teleportation journey
 12084 | D:3      | XOM: give mutation
 12084 | D:3      | Gained mutation: You are resistant to electric shocks. (rElec) [Xom's grace]
 12123 | D:3      | Reached skill level 7 in Unarmed Combat
 12586 | D:3      | XOM: 1-stop teleportation journey
 12603 | D:3      | XOM: medium Hex miscast
 13420 | D:4      | Noticed Blork the orc
 13424 | D:4      | XOM: confuse monster(s)
 13641 | D:4      | Noticed M4edhros's ghost (novice OpCK)
 13646 | D:4      | XOM: silly message
 13684 | D:4      | Noticed Blork
 13684 | D:4      | Blork the orc changed into Blork the centaur
 13684 | D:4      | XOM: polymorph Blork the orc -> Blork the centaur
 13687 | D:4      | Killed Blork the centaur
 13687 | D:4      | Reached XP level 7. HP: 41/46 MP: 3/7
 13835 | D:4      | Reached skill level 8 in Unarmed Combat
 14173 | D:4      | XOM: give mutations
 14173 | D:4      | Gained mutation: Your spells are a little harder to cast, but a little more powerful. [Xom's grace]
 14173 | D:4      | Gained mutation: Your spells are harder to cast, but more powerful. [Xom's grace]
 14306 | D:4      | XOM: scenery: create altars
 14657 | D:4      | Found Taruepea's Assorted Antiques.
 14680 | D:4      | Bought a pink potion for 23 gold pieces
 14680 | D:4      | Bought a blue potion for 23 gold pieces
 14680 | D:4      | Bought an encrusted silver wand for 104 gold pieces
 14852 | D:4      | XOM: god gift: 61 gold pieces
 14888 | D:4      | XOM: harmless Fire miscast
 15177 | D:4      | XOM: silly message
 15210 | D:4      | XOM: 6-stop teleportation journey
 15252 | D:4      | XOM: 4-stop teleportation journey
 15259 | D:4      | XOM: summons friendly ynoxinul
 15274 | D:4      | Killed M4edhros's ghost
 15274 | D:4      | Reached skill level 9 in Unarmed Combat
 15274 | D:4      | Reached XP level 8. HP: 45/52 MP: 8/8
 15302 | D:4      | Noticed Natasha
 15308 | D:4      | Killed Natasha
 15374 | D:4      | Reached skill level 10 in Unarmed Combat
 15384 | D:4      | XOM: give mutation
 15384 | D:4      | Gained mutation: Your muscles are very strong. (Str +4) [Xom's grace]
 15415 | D:4      | Noticed Natasha
 15418 | D:4      | Killed Natasha
 15486 | D:4      | XOM: divination: detect creatures
 15539 | D:4      | Noticed Natasha
 15541 | D:4      | Killed Natasha
 15694 | D:4      | XOM: medium Pois miscast
 15724 | D:4      | XOM: harmless Erth miscast
 16374 | D:5      | Entered Level 5 of the Dungeon
 16604 | D:5      | XOM is BORED!
 16817 | D:5      | Found a staircase to the Ecumenical Temple.
 16817 | D:5      | XOM: 1-stop teleportation journey
 16821 | D:5      | XOM: scenery: create altars
 17057 | D:5      | XOM: 1-stop teleportation journey
 17343 | D:5      | XOM: god gift: 19 gold pieces
 17770 | D:5      | XOM: medium Chrm miscast
 17933 | Temple   | XOM: noise
 17933 | Temple   | Entered the Ecumenical Temple
 18035 | Temple   | XOM: 6-stop teleportation journey
 18079 | Temple   | XOM: 1-stop teleportation journey
 18093 | Temple   | XOM: divination: detect creatures
 18110 | Temple   | XOM: scenery: create altars
 18174 | Temple   | XOM is BORED!
 18174 | Temple   | XOM: noise
 18404 | D:7      | Found Netrax's Magic Scroll Boutique.
 18441 | D:6      | XOM: mild Air miscast
 18616 | Temple   | XOM: harmless Air miscast
 18655 | Temple   | XOM: noise
 18742 | Temple   | XOM: mild Summ miscast
 19254 | Temple   | XOM: 3-stop teleportation journey
 19409 | Temple   | XOM: torment (27/52 hp)
 19546 | Temple   | XOM: give mutations
 19546 | Temple   | Gained mutation: You are frail. (-10% HP) [Xom's mischief]
 19546 | Temple   | Lost mutation: You occasionally shout uncontrollably at your foes. [Xom's mischief]
 19546 | Temple   | Lost mutation: You expend magic power (3 MP) to strengthen your wands. [Xom's mischief]
 19546 | Temple   | Lost mutation: You are resistant to electric shocks. (rElec) [Xom's mischief]
 19553 | Temple   | XOM: medium Necr miscast
 20005 | Temple   | XOM: severe Hex miscast
 20847 | Temple   | XOM: medium Conj miscast
 21157 | Temple   | XOM: mild Necr miscast
 21562 | Temple   | XOM: mild Chrm miscast
 22131 | Temple   | XOM: give mutation
 22131 | Temple   | Lost mutation: Your spells are harder to cast, but more powerful. [Xom's mischief]
 22766 | Temple   | XOM: medium Chrm miscast
 23046 | Temple   | XOM: stat loss: -1 Dex (14/15)
 23997 | Temple   | XOM: medium Pois miscast
 24188 | Temple   | XOM: summons 4 hostile demons
 24189 | Temple   | Noticed an ice devil
 24275 | D:5      | XOM: medium Necr miscast
 25721 | Temple   | XOM: harmless Necr miscast
 26963 | Temple   | XOM is BORED!
 26967 | Temple   | XOM: summons 2 hostile demons
 27026 | D:5      | XOM: give mutations
 27026 | D:5      | Gained mutation: One of your tentacles bears a spike. [Xom's grace]
 27026 | D:5      | Gained mutation: You possess an exceptional clarity of mind. [Xom's grace]
 27690 | Temple   | XOM: give mutations
 27690 | Temple   | Gained mutation: Your flesh is heat resistant. (rF+) [Xom's grace]
 27690 | Temple   | Gained mutation: One of your tentacles bears a nasty spike. [Xom's grace]
 28268 | Temple   | XOM: god gift: book of Maledictions
 28829 | Temple   | XOM: cloud trail
 29114 | D:5      | Reached skill level 11 in Unarmed Combat
 29437 | D:7      | Paralysed by fainting for 10 turns
 29466 | D:7      | Paralysed by fainting for 10 turns
 29476 | D:7      | Mangled by an iguana

Skill      XL: |  1  2  3  4  5  6  7  8 |
---------------+-------------------------+-----
Unarmed Combat | 4 5 6 7 9 11 | 11.0
Fighting       | |  3.0
Dodging        | |  2.3

Action                   |  1- 3 |  4- 6 |  7- 9 || total
-------------------------+-------+-------+-------++-------
Melee: Unarmed           |    87 |   135 |    92 ||   314
       Constrict         |    25 |    32 |    29 ||    86
       Punch             |     1 |     6 |     5 ||    12
       Tentacles         |    20 |    26 |    20 ||    66
       Peck              |       |    19 |    20 ||    39
       Kick              |       |       |     4 ||     4
Evoke: Wand              |       |       |     1 ||     1
  Use: Potion            |       |     5 |     3 ||     8
       Scroll            |       |     1 |       ||     1
 Stab: Sleeping          |     4 |     3 |     5 ||    12
       Distracted        |     1 |       |       ||     1
       Paralysed         |       |     2 |       ||     2
       Confused          |       |     1 |       ||     1
  Eat: Chunk             |    15 |    24 |    14 ||    53
       Bread ration      |       |       |     3 ||     3
       Beef jerky        |       |       |     3 ||     3
       Meat ration       |       |       |     2 ||     2
       Pizza             |       |       |     2 ||     2
Armor: Skin              |     9 |    16 |    36 ||    61
Dodge: Dodged            |    46 |    77 |    48 ||   171
